AoeStats
← 150490644@

Arabia

509691855Analyzed
1v1 RM · 4d ago on Sep 27, 2026· 33m 41s· 2 players
Game mode
Random Map
Map size
Tiny (2 player)
Population
200
Speed
Normal
Resources
Standard
Victory
Conquest
Starting age
Dark Age
Ending age
Imperial Age
RankedLock teamsTeams togetherTeam positionsShared explorationLock speedFull tech treeHidden civsTurbo modeCheats
Victory
Defeat
🇮🇹 Franks · Italy
1020
+17
🇨🇴 Lithuanians · Colombia
1045
-17
150490644@
7:11 Loom
10:24 Feudal Age
11:10 Double-Bit Axe
14:21 Forging
21:22 Wheelbarrow
24:07 Castle Age
22:44 Gold Mining
23:17 Scale Barding Armor
25:51 Gold Shaft Mining
25:57 Husbandry
27:42 Hand Cart
30:42 Chain Barding Armor
31:54 Bow Saw
33:24 Iron Casting
Dontcallmyname
1:10 Loom
12:26 Feudal Age
12:37 Man-at-Arms
17:51 Double-Bit Axe
24:10 Castle Age
25:30 Scale Barding Armor
26:03 Bow Saw
25:46 Gold Mining
27:32 Bloodlines
30:24 Pikeman
Connection lost

Rejoining the realm…

Still unreachable

The connection could not be restored.

Session expired

The server has moved on; the page needs a fresh start.